Map: Киберлес РВ

Players

Murena

  • Race: Terran Terran
  • Spawn Location: 11:00

ИИ 1 (эксперт) - Winner!

  • Race: Zerg Zerg
  • Spawn Location: 5:00

VOD

Have the link to the VOD?

Description

Time

  • Played on: Feb. 9, 2019, 6:52 p.m.
  • Length: 10:56
Show
View Real Time Build Order
Export as new Build Order

Murena Terran 

Build Orders:  

Get SALT Encoding   

  12  0:00  SCV  
  13  0:13  SCV  
  14  0:19  Supply Depot  
  14  0:25  SCV  
  15  0:43  Barracks, SCV  
  16  0:52  Barracks  
  16  0:55  SCV  
  17  1:08  SCV  
  17  1:10  Refinery  
  18  1:14  Supply Depot  
  18  1:20  SCV  
  19  1:29  Marine  
  20  1:33  Orbital Command  
  20  1:39  Marine  
  21  1:48  Marine  
  21  1:53  Engineering Bay  
  22  1:57  Barracks Reactor  
  22  1:59  SCV  
  23  2:07  Refinery, Marine  
  24  2:12  SCV  
  25  2:24  SCV  
  25  2:28  Barracks Reactor, Supply Depot  
  26  2:34  Marine x2  
  28  2:38  SCV  
  29  2:46  Factory  
  29  2:51  SCV  
  30  2:52  Marine x2  
  32  3:04  Marine x2  
  35  3:05  SCV  
  35  3:12  Marine  
  35  3:17  Command Center  
  36  3:20  Marine  
  36  3:26  Supply Depot  
  37  3:29  SCV  
  37  3:31  Factory Tech Lab  
  38  3:41  SCV  
  38  3:43  Terran Infantry Weapons Level 1  
  39  3:50  Engineering Bay  
  39  3:53  Siege Tank  
  42  3:59  Marine  
  42  4:00  SCV  
  42  4:01  Marine  
  45  4:09  Missile Turret  
  45  4:12  SCV  
  45  4:15  Marine  
  47  4:17  Supply Depot  
  47  4:22  Terran Infantry Armor Level 1  
  47  4:31  Orbital Command  
  47  4:33  SCV  
  47  4:35  Marine  
  49  4:42  Marine  
  49  4:44  Cyclone  
  53  4:49  SCV  
  54  4:58  Marine x2  
  54  4:59  Marine  
  57  5:03  SCV  
  57  5:05  Supply Depot  
  57  5:06  Mag-Field Accelerator  
  58  5:10  SCV  
  59  5:14  Missile Turret  
  59  5:16  SCV  
  59  5:17  Cyclone  
  59  5:20  Marine x2  
  65  5:21  Marine  
  65  5:22  Marine  
  65  5:24  SCV  
  68  5:28  SCV  
  68  5:32  Factory  
  69  5:39  SCV  
  69  5:40  Armory  
  70  5:43  Marine x2  
  70  5:48  SCV  
  70  5:49  Supply Depot  
  76  5:50  Cyclone  
  76  5:53  SCV  
  77  6:01  SCV  
  77  6:04  Barracks  
  78  6:05  Refinery  
  78  6:08  Refinery  
  78  6:10  SCV  
  79  6:16  Marine x2  
  79  6:17  Factory Tech Lab  
  81  6:19  Marine x2  
  81  6:20  SCV  
  81  6:23  SCV  
  85  6:26  Supply Depot  
  85  6:34  Terran Infantry Weapons Level 2  
  85  6:38  Command Center  
  85  6:41  SCV  
  86  6:51  Barracks Tech Lab  
  86  6:52  Cyclone x2  
  86  6:54  Marine x2  
  92  6:57  Supply Depot  
  94  7:05  Terran Infantry Armor Level 2  
  94  7:13  Barracks  
  94  7:17  Barracks  
  94  7:18  Combat Shield  
  94  7:20  SCV x2  
  96  7:23  Supply Depot  
  96  7:25  Marine x2, Marauder  
  96  7:26  Marine  
  96  7:27  Marine  
  102  7:37  Supply Depot  
  102  7:43  Starport  
  102  7:49  Supply Depot  
  102  7:50  Marauder, Marine x2  
  106  7:52  Cyclone  
  106  7:55  Siege Tank  
  106  7:56  SCV  
  114  7:58  SCV  
  114  7:59  SCV  
  115  8:05  Barracks Tech Lab  
  115  8:06  Barracks Tech Lab  
  115  8:09  Terran Vehicle Weapons Level 1  
  115  8:10  Marine  
  115  8:11  Marauder, SCV  
  115  8:12  SCV  
  120  8:19  Planetary Fortress  
  120  8:22  Missile Turret  
  120  8:23  SCV  
  121  8:28  Cyclone  
  121  8:29  Marine x3  
  127  8:39  Marauder, Marine x2  
  131  8:41  Starport Reactor  
  131  8:43  Concussive Shells  
  115  9:26  Unknown  
  60  10:34  Unknown  
Show
View Real Time Build Order
Export as new Build Order

ИИ 1 (эксперт) Zerg - Winner!

Build Orders: Hatch First 

Get SALT Encoding   

  12  0:00  Drone  
  13  0:12  Overlord  
  13  0:17  Drone  
  14  0:30  Drone x2  
  14  0:34  Drone  
  17  0:52  Hatchery  
  17  0:55  Drone  
  17  1:12  Spawning Pool  
  17  1:13  Extractor  
  17  1:16  Drone  
  16  1:20  Drone  
  16  1:23  Drone  
  18  1:27  Drone  
  19  1:38  Overlord  
  19  1:49  Drone  
  20  1:59  Queen, Zergling x2  
  23  2:04  Drone  
  24  2:15  Queen  
  24  2:18  Drone  
  27  2:31  Roach Warren  
  27  2:33  Extractor  
  27  2:34  Drone  
  26  2:37  Drone  
  27  2:45  Overlord  
  27  2:49  Drone  
  28  2:51  Drone  
  28  2:54  Drone  
  28  2:57  Drone  
  31  3:00  Drone  
  31  3:05  Zergling x2  
  33  3:06  Zergling x2  
  33  3:11  Roach  
  36  3:16  Roach  
  38  3:20  Roach  
  38  3:23  Roach  
  38  3:25  Drone  
  43  3:28  Drone  
  43  3:34  Overlord  
  44  3:41  Lair  
  44  3:46  Metabolic Boost  
  44  3:52  Drone  
  44  3:53  Drone  
  44  3:55  Drone  
  47  3:58  Drone  
  47  4:00  Drone  
  49  4:03  Drone  
  49  4:05  Drone  
  49  4:09  Overlord  
  51  4:11  Drone  
  51  4:16  Evolution Chamber, Drone  
  52  4:21  Evolution Chamber, Drone  
  52  4:27  Drone x2  
  54  4:32  Drone  
  54  4:33  Drone  
  54  4:35  Drone  
  54  4:37  Drone  
  58  4:43  Drone, Infestation Pit  
  58  4:44  Zerg Missile Weapons Level 1  
  58  4:47  Zerg Ground Armor Level 1  
  58  4:51  Overlord  
  58  4:54  Overlord  
  58  4:56  Drone  
  58  4:57  Zergling x2  
  60  5:09  Drone, Roach  
  60  5:10  Hydralisk Den  
  60  5:11  Roach  
  60  5:12  Drone, Extractor  
  60  5:14  Drone  
  65  5:15  Drone  
  65  5:18  Overlord  
  65  5:20  Drone  
  67  5:26  Infestor  
  67  5:27  Extractor  
  68  5:29  Drone  
  68  5:31  Roach  
  68  5:34  Drone x3  
  74  5:36  Roach  
  74  5:37  Overlord  
  76  5:45  Hydralisk x2, Roach  
  76  5:49  Roach  
  84  5:55  Overlord, Drone  
  85  5:58  Drone  
  85  6:01  Drone  
  85  6:03  Infestor  
  89  6:11  Ravager  
  90  6:13  Roach  
  90  6:14  Overlord, Hatchery  
  91  6:20  Ravager  
  91  6:23  Roach  
  94  6:27  Hydralisk  
  94  6:31  Hydralisk  
  98  6:33  Overlord  
  98  6:44  Infestor  
  100  6:59  Infestor  
  100  7:01  Overlord, Roach  
  102  7:04  Roach  
  102  7:06  Roach  
  108  7:13  Spine Crawler  
  108  7:14  Spine Crawler  
  108  7:15  Drone  
  107  7:24  Zerg Missile Weapons Level 2, Overseer  
  107  7:26  Queen, Drone  
  107  7:27  Drone x4  
  107  7:28  Overlord, Drone x4  
  107  7:29  Drone x2  
  120  7:32  Drone  
  120  7:33  Drone  
  120  7:36  Drone x4  
  126  7:38  Extractor  
  126  7:41  Extractor  
  126  7:43  Drone  
  125  7:44  Drone  
  125  7:46  Zerg Ground Armor Level 2  
  125  7:47  Overlord  
  126  7:51  Drone x3  
  126  7:55  Drone  
  130  8:00  Pathogen Glands, Drone  
  130  8:01  Drone  
  130  8:05  Overlord  
  132  8:06  Spore Crawler, Drone  
  132  8:08  Drone  
  132  8:12  Spore Crawler  
  132  8:13  Drone  
  133  8:23  Spine Crawler  
  133  8:24  Drone  
  133  8:33  Hydralisk  
  134  8:36  Overlord, Hydralisk  
  136  8:41  Hatchery  
  136  8:42  Drone  
  136  8:47  Ravager, Roach  
  139  8:53  Queen, Ravager, Roach  
  144  8:55  Overlord, Spine Crawler  
  144  8:56  Roach, Drone  
  144  8:58  Spore Crawler, Roach, Drone  
  144  9:00  Neural Parasite  
  148  9:03  Lurker Den, Drone  
  148  9:14  Overlord  
  148  9:15  Zergling x4  
  151  9:17  Zergling x10  
  151  9:18  Zergling x2  
  151  9:19  Zergling x2  
  151  9:20  Baneling Nest  
  151  9:22  Zergling x2, Roach x2  
  151  9:24  Evolution Chamber  
  145  9:25  Roach  
  145  9:26  Infestor  
  145  9:27  Roach x2  
  145  9:28  Infestor  
  124  9:32  Hydralisk  
  124  9:34  Roach  
  124  9:35  Roach x2  
  124  9:36  Spine Crawler, Hydralisk  
  114  9:38  Zergling x2  
  114  9:39  Zergling x4  
  114  9:40  Zergling x2, Overseer  
  102  9:47  Roach  
  102  9:48  Roach  
  102  9:50  Roach  
  99  9:53  Drone  
  99  9:57  Roach  
  99  9:58  Zergling x4, Drone  
  99  9:59  Zergling x2  
  79  10:02  Drone x2  
  79  10:03  Zergling x2  
  70  10:07  Roach  
  70  10:14  Hydralisk, Roach  
  53  10:24  Roach  
  53  10:25  Zergling x2  
  53  10:27  Roach  
  52  10:29  Zergling x2  
  52  10:31  Roach  
  54  10:36  Roach  
  58  10:43  Drone  
Tags
 
Add a new tag
Caveats
  • Supply blocks, unpowered buildings, or Contaminate may cause inaccurate times.
  • Supply counts are checked every 10 seconds.